 Dungeon Crawl Stone Soup version 0.31-a0-995-g04711c9635 (webtiles) character file.

Game seed: 6630383059858361879

224 CrazyBamboolord the Changeling (level 6, 0/55 HPs)
             Began as an Ogre Shapeshifter on Nov 6, 2023.
             Was a Follower of Ru.
             Slain by an orc wizard
             ... wielding a +0 dagger
              (2 damage)
             ... on level 3 of the Dungeon.
             The game lasted 00:06:12 (2829 turns).

CrazyBamboolord the Changeling (Ogre Shapeshifter)  Turns: 2829, Time: 00:06:13

Health: 0/55       AC:  3    Str: 21    XL:     6   Next: 0%
Magic:  6/6        EV:  9    Int: 11    God:    Ru [*.....]
Gold:   130        SH:  0    Dex:  8    Spells: 5/5 levels left

rFire   . .          .
                       - Unarmed
rCold   . . .        l - orb {*Rage}
rNeg    . . .        a - +0 animal skin
rPois   .            (helmet currently unavailable)
rElec   .            (cloak currently unavailable)
rCorr   .            (gloves unavailable)
SInv    .            (boots unavailable)
Will    .....        (no amulet)
Stlth   +            (no ring)
HPRegen 0.29/turn    (no ring)
MPRegen 0.10/turn

%: random rage (20%)
@: beast-form, on berserk cooldown, slowed, very slow
A: beast (slay +3), large, unfitting armour, tough skin 1, inability to train
armour
a: Begin Untransformation, Renounce Religion


You were on level 3 of the Dungeon.
You worshipped Ru.
Ru was aware of your devotion.
You were a hulking beast.
You visited 1 branch of the dungeon, and saw 3 of its levels.

You collected 130 gold pieces.

Inventory:

Missiles
 j - 11 stones
 k - 5 poisoned darts (quivered)
Armour
 a - a +0 animal skin (worn)
 l - an orb of wrath (worn)
Talismans
 c - a beast talisman
 d - a flux talisman
Wands
 f - a wand of polymorph (9)
Scrolls
 g - 2 scrolls of enchant weapon
 h - 2 scrolls of fog
 i - a scroll of noise {unknown}
Potions
 b - a potion of heal wounds {unknown}
 e - a potion of attraction


   Skills:
 - Level 1.3 Fighting
 - Level 1.7 Dodging
 - Level 2.6 Unarmed Combat
 + Level 6.0 Shapeshifting


You had 5 spell levels left.
You didn't know any spells.
Your spell library contained the following spells:

 Spells                   Type           Power      Damage    Failure   Level
 Freeze                   Ice            0%         1d3       34%         1
 Frozen Ramparts          Ice            0%         1d1       71%         3
 Hailstorm                Conj/Ice       0%         3d3       71%         3


Dungeon Overview and Level Annotations

Branches:
Dungeon (3/15)

Altars:
Ru

Annotations:
D:2 1 runed translucent door, Crazy Yiuf


Innate Abilities, Weirdness & Mutations

You are a hulking beast.
Your limbs bulge with bestial killing power. (Slay +3)
You are too large for most types of armour.
You have tough skin. (AC +1)
You cannot train Armour skill.


Message History

An orc comes into view. It is wielding a +0 mace.
The orc shouts!
An orc priest and an orc come into view.
The orc is wielding a +2 short sword of flaming.
The orc priest shouts!
The orc shouts!
The orc priest looks encouraged for a moment.
The orc priest begins to pray, but is stunned by your conviction!
The orc attacks as it pursues you! The orc hits you with a +0 flail!
The orc hits you with a +0 flail.
You closely miss the orc. The orc completely misses you.
You hit the orc.
The orc is heavily wounded.
The orc barely misses you.
The orc priest calls down the wrath of Beogh upon you.
Beogh smites you! The orc barely misses you.
You hit the orc.
The orc is severely wounded.
The orc hits you but does no damage.
You completely miss the orc.
The orc is severely wounded.
The orc hits you with a +0 flail. The orc hits you but does no damage.
Unknown command.
You hit the orc but do no damage.
The orc is severely wounded.
The orc hits you with a +0 flail. The orc closely misses you.
The orc priest calls down the wrath of Beogh upon you.
Beogh smites you!
* * * LOW HITPOINT WARNING * * *
The orc attacks as it pursues you! The orc hits you with a +0 flail.
* * * LOW HITPOINT WARNING * * *
The orc closely misses you.
As you read the scroll labelled TAEG ISIUXTE, it dissolves into smoke.
It was a scroll of fog.
The orc hits you with a +0 flail.
* * * LOW HITPOINT WARNING * * *
Unknown command.
The orc hits you with a +0 flail.
* * * LOW HITPOINT WARNING * * *
The orc completely misses you. Something hits you.
You die...

.# #.#.#.#####.#
##.##.# .#
#.#.#.#####.# #.##.# ##
#.#.#.......# #.##.#
#.).........# #.##.#
#..########.# #.##.#
#..# #.# #. .# #..#
#####§###### #..#
#o§§o§.....## #..#
#§##{h§...... ######..#
#.##o§####.#. #.......#
#o##§§###...#
.......#####.#.........
..#..............###...
.###.........#.........
##....########..#######
.###..# ...... ..#...#
.......8..


You could see 2 orcs.

Vanquished Creatures
  Terence (D:2)
  Natasha (thrice) (D:2)
  2 orc wizards (D:2)
  2 adders
  2 worms
  3 dart slugs
  2 orcs
  5 bats
  2 endoplasms (D:3)
  2 giant cockroaches
  A goblin (D:3)
  4 hobgoblins
  3 jackals (D:1)
  4 kobolds (D:3)
  3 quokkas
  3 ball pythons
  4 frilled lizards
  4 rats
50 creatures vanquished.

Notes
Turn   | Place    | Note
-------+----------+-------------------------------------------
     0 | D:1      | CrazyBamboolord the Ogre Shapeshifter began the quest for
                  | the Orb.
     0 | D:1      | Reached XP level 1. HP: 19/19 MP: 1/1
   293 | D:1      | Found a faded altar of an unknown god.
   297 | D:1      | Reached XP level 2. HP: 27/27 MP: 2/2
   308 | D:1      | Prayed at the altar of an unknown god.
   308 | D:1      | Became a worshipper of Ru the Awakened
   319 | D:1      | Gained mutation: You cannot train Armour skill. [Ru
                  | sacrifice]
   319 | D:1      | Reached * piety under Ru
   770 | D:2      | Noticed Terence
   817 | D:2      | Reached skill level 4 in Shapeshifting
   817 | D:2      | Reached XP level 3. HP: 28/33 MP: 3/3
   970 | D:2      | Noticed Natasha
  1393 | D:2      | Killed Natasha
  1394 | D:2      | Reached XP level 4. HP: 25/41 MP: 4/4
  1448 | D:2      | Noticed Natasha
  1496 | D:2      | Killed Natasha
  1582 | D:2      | Killed Terence
  1583 | D:2      | Reached skill level 5 in Shapeshifting
  1635 | D:2      | Found a runed translucent door.
  1636 | D:2      | Noticed Crazy Yiuf
  1895 | D:2      | Noticed Natasha
  1902 | D:2      | Killed Natasha
  1903 | D:2      | Reached XP level 5. HP: 35/48 MP: 5/5
  2623 | D:3      | Reached skill level 6 in Shapeshifting
  2803 | D:3      | Reached XP level 6. HP: 55/55 MP: 6/6
  2829 | D:3      | HP: 2/55 [orc/+0 flail (2)]
  2829 | D:3      | Slain by an orc wizard

Illustrated notes

Levels and vault maps discovered:
D:1:      dreamdust_arrival_beginning_and_end, layout_loops_ring,
          shapermc_ecumenical_altar_acropolis
D:2:      layout_basic, uniq_natasha, uniq_crazy_yiuf_cottage, uniq_terence
D:3:      cheibrodos_pilgrimage, layout_loops_ring, kennysheep_nub,
          minmay_between

Skill      XL: |  1  2  3  4  5 |
---------------+----------------+-----
Shapeshifting  | 4 5 6 |  6.0
Fighting       | |  1.3
Dodging        | |  1.7
Unarmed Combat | |  2.6

Action                     |  1- 3 |  4- 6 || total
---------------------------+-------+-------++-------
  Melee: Unarmed           |    78 |   105 ||   183
         Punch             |     3 |     2 ||     5
  Throw: Stone             |       |     7 ||     7
         Dart              |       |     5 ||     5
 Invoke: Sacrifice Durabil |     1 |       ||     1
    Use: Potion            |     1 |     1 ||     2
         Scroll            |     1 |     4 ||     5
   Stab: Sleeping          |       |     1 ||     1
 Armour: Animal skin       |    67 |    71 ||   138
         Skin              |     5 |    10 ||    15
  Dodge: Dodged            |    30 |    40 ||    70

Table legend: (Time is in decaauts)
 A = Elapsed time spent in this place.
 B = Non-inter-level travel time spent in this place.
 C = Inter-level travel time spent in this place.
 D = Time resting spent in this place.
 E = Time spent auto-exploring this place.
 F = Levels seen in this place.
 G = Mean time per level.
                   A        B        C        D        E       F      G
               +--------+--------+--------+--------+--------+-----+--------+
         Total |   2902 |   2538 |    364 |    456 |   1515 |   3 |  967.3 |
       Dungeon |   2902 |   2538 |    364 |    456 |   1515 |   3 |  967.3 |
               +--------+--------+--------+--------+--------+-----+--------+

Top non-repeatable levels by time:
     D:1: 1176 daAuts
     D:2: 1093 daAuts
     D:3: 632 daAuts
